 Dungeon Crawl Stone Soup version 0.30.1-11-g7821555f0a (webtiles) character file.

Game seed: 2469945974903498933

438 fireball365 the Chopper (level 7, -5/61 HPs)
             Began as a Hill Orc Fighter on Dec 1, 2023.
             Slain by Pikel
             ... wielding a +2 whip of electrocution
              (16 damage)
             ... on level 4 of the Dungeon.
             The game lasted 00:04:42 (2516 turns).

fireball365 the Chopper (Hill Orc Fighter)          Turns: 2516, Time: 00:04:43

Health: -5/61      AC: 11    Str: 21    XL:     7   Next: 1%
Magic:  7/7        EV:  8    Int:  8    God:
Gold:   86         SH:  5    Dex: 16    Spells: 6/6 levels left

rFire   . . .        a - +0 war axe
rCold   . . .        c - +0 buckler
rNeg    . . .        f - +0 chain mail
rPois   .            (no helmet)
rElec   .            (no cloak)
rCorr   .            q - +0 pair of gloves
SInv    .            (no boots)
Will    .....        (no amulet) Stlth
                     s - +6 ring of dexterity
HPRegen 0.30/turn    (no ring)
MPRegen 0.10/turn

%: no passive effects
@: no status effects
A: no striking features
a: no special abilities


You were on level 4 of the Dungeon.
You visited 1 branch of the dungeon, and saw 4 of its levels.

You collected 141 gold pieces.
You spent 55 gold pieces at shops.

Inventory:

Hand Weapons
 a - a +0 war axe (weapon)
Armour
 b - a +0 scale mail
 c - a +0 buckler (worn)
 f - a +0 chain mail (worn)
 q - a +0 pair of gloves (worn)
Jewellery
 s - a +6 ring of dexterity (left hand)
Scrolls
 e - 2 scrolls of enchant weapon
 g - 2 scrolls of poison
 h - a scroll of silence {unknown}
 j - a scroll of identify
 n - a scroll of amnesia
 o - a scroll of teleportation {unknown}
 p - a scroll of magic mapping {unknown}
 r - a scroll of enchant armour {unknown}
Potions
 d - a potion of might
 i - a potion of curing
 k - a potion of invisibility
 l - a potion of mutation {unknown}
 m - a potion of magic {unknown}
 t - a potion of haste {unknown}


   Skills:
 + Level 5.3 Fighting
 + Level 6.0 Axes
 + Level 4.9 Armour
 + Level 0.8 Dodging
 + Level 4.5 Shields


You had 6 spell levels left.
You didn't know any spells.
Your spell library contained the following spells:

 Spells                   Type           Power      Damage    Failure   Level
 Kiss of Death            Conj/Necr      0%         2d5       98%         1
 Sublimation of Blood     Necr           0%         N/A       99%         2
 Wereblood                Tmut           0%         N/A       99%         2
 Confusing Touch          Hex            0%         N/A       100%        3
 Animate Dead             Necr           0%         N/A       100%        4
 Dispel Undead            Necr           0%         3d6       100%        4
 Alistair's Intoxication  Tmut/Pois      0%         N/A       100%        5
 Borgnjor's Vile Clutch   Necr/Erth      0%         N/A       100%        5
 Death Channel            Necr           0%         N/A       100%        6
 Eringya's Noxious Bog    Tmut/Pois      0%         N/A       100%        6
 Summon Hydra             Summ           0%         N/A       100%        7


Dungeon Overview and Level Annotations

Branches:
Dungeon (4/15)
 Temple: D:4-7

Altars:

Shops:
D:1 !

Annotations:
D:4 Pikel


Message History

The roots grasp on you weakens, but your attempt to escape fails.
The grasping roots constrict you!
The grasping roots release their grip on you.
You hit Pikel.
Pikel is lightly wounded.
You block Pikel's attack.
Pikel zaps a wand.
The roots erupt in riotous growth!
The grasping roots grab you!
Pikel is unaffected.
The grasping roots constrict you.
You hit Pikel.
Pikel is lightly wounded.
Pikel hits you with a +2 whip of electrocution.
The grasping roots constrict you.
You closely miss Pikel.
Pikel is lightly wounded.
Pikel hits you with a +2 whip of electrocution.
You are electrocuted!
* * * LOW HITPOINT WARNING * * *
The grasping roots constrict you.
* * * LOW HITPOINT WARNING * * *
The grasping roots release their grip on you.
You feel better. Pikel barely misses you.
You barely miss Pikel.
Pikel is lightly wounded.
Pikel barely misses you.
You hit Pikel but do no damage.
Pikel is lightly wounded.
Pikel hits you with a +2 whip of electrocution.
You barely miss Pikel.
Pikel is lightly wounded.
Pikel barely misses you. You block Pikel's attack.
You hit Pikel but do no damage.
Pikel is lightly wounded.
Pikel hits you with a +2 whip of electrocution!
* * * LOW HITPOINT WARNING * * *
You slash Pikel!
Pikel is moderately wounded.
Pikel hits you with a +2 whip of electrocution.
* * * LOW HITPOINT WARNING * * *
You are electrocuted!
You die...

....<.....###.......#
....#...............#
....................#
....................# .
<..........#........#
.....#..........#######
...........................
............##............#
...........##.@.......##..
...#.......5.##K##.......#...
...#......5K..55..#..###....
.......#.......5#...### ...#
#..##..........#.....##....
##.............#........# #
##...###........#.....##.# #
......##..........#......#..#
#####..........)....##......##


You could see Pikel and 3 lemures.

Vanquished Creatures
  Menkaure (D:4)
  An ogre (D:4)
  A howler monkey (D:4)
  A hound (D:4)
  A sleepcap (D:4)
  An iguana (D:4)
  5 adders
  A worm (D:4)
  2 dart slugs
  6 orcs (D:4)
  5 ball pythons
  4 bats
  4 endoplasms
  5 giant cockroaches
  7 goblins
  2 hobgoblins
  3 jackals (D:2)
  9 kobolds
  7 rats
66 creatures vanquished.

Notes
Turn   | Place    | Note
-------+----------+-------------------------------------------
     0 | D:1      | fireball365 the Hill Orc Fighter began the quest for the
                  | Orb.
     0 | D:1      | Reached XP level 1. HP: 19/19 MP: 1/1
   100 | D:1      | Reached XP level 2. HP: 27/27 MP: 2/2
   123 | D:1      | Found Inwugene's Distillery.
   390 | D:1      | Reached skill level 3 in Axes
   458 | D:1      | Reached XP level 3. HP: 31/33 MP: 3/3
   615 | D:1      | Bought a potion of heal wounds for 55 gold pieces
  1473 | D:3      | Reached XP level 4. HP: 40/40 MP: 4/4
  2167 | D:4      | Reached skill level 4 in Axes
  2167 | D:4      | Reached XP level 5. HP: 44/47 MP: 5/5
  2185 | D:4      | Noticed Menkaure
  2202 | D:4      | Killed Menkaure
  2203 | D:4      | Reached skill level 5 in Fighting
  2203 | D:4      | Reached skill level 5 in Axes
  2203 | D:4      | Reached XP level 6. HP: 26/56 MP: 6/6
  2318 | D:4      | Reached skill level 6 in Axes
  2318 | D:4      | Reached XP level 7. HP: 14/61 MP: 7/7
  2497 | D:4      | Noticed Pikel
  2516 | D:4      | Slain by Pikel

Illustrated notes

Levels and vault maps discovered:
D:1:      evilmike_arrival_rings, layout_rooms, serial_shops,
          nicolae_shop_peninsula, minmay_splitting_lines
D:2:      layout_basic, minmay_unequal
D:3:      layout_loops_cross
D:4:      layout_rooms, mainiacjoe_overflow_alcove_3, uniq_menkaure, uniq_pikel

Skill      XL: |  1  2  3  4  5  6 |
---------------+-------------------+-----
Fighting       | 4 5 |  5.3
Axes           | 3 4 5 6 |  6.0
Armour         | 4 |  4.9
Shields        | 4 |  4.5
Dodging        | |  0.8

Action                     |  1- 3 |  4- 6 |  7- 9 || total
---------------------------+-------+-------+-------++-------
  Melee: War axe           |    89 |    74 |    10 ||   173
    Use: Scroll            |     5 |     2 |       ||     7
         Potion            |       |     2 |     1 ||     3
 Armour: Scale mail        |    69 |       |       ||    69
         Chain mail        |       |    46 |       ||    46
  Dodge: Dodged            |    80 |    39 |     4 ||   123
  Block: Buckler           |    30 |    24 |     3 ||    57
